 Dungeon Crawl Stone Soup version 0.24.0-13-gcf9b319 (webtiles) character file.

Game seed: 2003934600094488229, levelgen mode: deterministic

13878 Doobh the Grappler (level 11, -5/135 HPs)
             Began as a Demonspawn Transmuter on Jan 5, 2020.
             Killed from afar by an orc sorcerer (8 damage)
             ... with a bolt of fire
             ... while paralysed by an orc sorcerer
             ... on level 1 of the Orcish Mines.
             The game lasted 01:01:31 (14626 turns).

Doobh the Grappler (Demonspawn Transmuter)         Turns: 14626, Time: 01:01:32

Health: -5/135     AC: 21    Str: 17    XL:     11   Next: 81%
Magic:  17/17      EV:  2    Int: 15    God:
Gold:   739        SH:  0    Dex: 13    Spells: 15/18 levels left

rFire    . . .     SeeInvis .     - Unarmed
rCold    + + .     Gourm    +   Q - +0 buckler
rNeg     + . .     Faith    .   q - +1 ring mail {rC+}
rPois    +         Spirit   .   D - +0 helmet
rElec    .         Reflect  .   l - +1 cloak {rPois}
rCorr    .         Harm     .   (no gloves)
MR       .....                  (no boots)
Stlth    ..........             e - amulet of the gourmand
HPRegen  0.32/turn              F - ring of Robustness {AC+8}
MPRegen  0.15/turn              H - ring of positive energy (curse)

@: paralysed, berserking (expiring), lethally poisoned (-5 -> -12), lightly
drained
A: claws 1, rugged brown scales 3, cold resistance 1, mutation resistance 1,
powered by death 1, weak 1
a: no special abilities


You were on level 1 of the Orcish Mines.
You were very full.

You visited 4 branches of the dungeon, and saw 13 of its levels.

You collected 739 gold pieces.

Inventory:

Missiles
 a - 157 arrows
 h - 4 throwing nets
 n - 50 poisoned darts (quivered)
 N - 9 boomerangs
Armour
 g - a +0 pair of gloves of strength
 l - a +1 cloak of poison resistance (worn)
 q - a +1 ring mail of cold resistance (worn)
 A - +1 gold dragon scales
 C - a scarf of spirit shield
 D - a +0 helmet (worn)
 K - a +2 cloak
 P - the +1 robe "Gekicipt" {-Tele rPois Regen+}
   (You found it on level 7 of the Dungeon)

   It protects you from poison.
   It prevents most forms of teleportation.
   It increases your rate of regeneration.
 Q - a +0 buckler (worn)
Jewellery
 e - an amulet of the gourmand (around neck)
 y - a +3 ring of dexterity
 F - the ring of Robustness (left claw) {AC+8}
   (You found it on level 5 of the Dungeon)

   [ring of protection]

   It affects your AC (+8).
 H - a cursed ring of positive energy (right claw)
 I - an uncursed amulet of magic regeneration
 M - a cursed amulet of regeneration
Wands
 w - a wand of enslavement (9)
 J - a wand of random effects (1)
Scrolls
 b - 2 scrolls of noise
 j - a scroll of blinking
 m - 3 scrolls of enchant weapon
 o - 5 scrolls of remove curse
 v - 4 scrolls of enchant armour
 O - a scroll of fog
Potions
 c - 2 potions of flight
 f - a potion of curing
 i - a potion of agility
 p - 2 potions of resistance
 s - a potion of cancellation
 t - a potion of berserk rage
 x - 2 potions of brilliance
 E - a potion of invisibility {unknown}
 G - a potion of magic {unknown}
 L - a potion of lignification {unknown}
Comestibles
 d - 24 rations
 r - 8 chunks of flesh


   Skills:
 + Level 7.7(7.4) Fighting
 * Level 3.6(3.3) Armour
 + Level 7.1(6.8) Dodging
 * Level 1.6(1.3) Shields
 + Level 9.5(9.2) Unarmed Combat
 - Level 4.0(3.7) Spellcasting
 * Level 7.8(7.5) Transmutations
 * Level 7.3(6.9) Evocations


You had 15 spell levels left.
You knew the following spells:

 Your Spells              Type           Power        Failure   Level  Hunger
a - Beastly Appendage     Tmut           ####..       2%          1    None
b - Sticks to Snakes      Tmut           ####....     3%          2    ##.....

Your spell library contained the following spells:

 Spells                   Type           Power        Failure   Level  Hunger
 Spider Form              Tmut/Pois      ##........   30%         3    ###....
 Animate Skeleton         Necr           N/A          43%         1    None
 Apportation              Tloc           #.....       43%         1    None
 Confusing Touch          Hex            #.....       43%         1    None
 Freeze                   Ice            #...         43%         1    None
 Summon Small Mammal      Summ           #...         43%         1    None
 Blade Hands              Tmut           ####......   52%         5    ######.
 Throw Frost              Conj/Ice       #.....       56%         2    ##.....
 Ice Form                 Ice/Tmut       ##......     69%         4    ####...
 Ozocubu's Armour         Chrm/Ice       #.......     80%         3    ###....
 Summon Ice Beast         Ice/Summ       #.......     99%         4    ####...
 Throw Icicle             Conj/Ice       #.......     99%         4    ####...


Dungeon Overview and Level Annotations

Branches:
Dungeon (10/15)            Temple (1/1) D:4            Lair (1/6) D:8
    Orc (1/2) D:10

Altars:
Ashenzari
Cheibriados
Dithmenos
Elyvilon
Fedhas
Gozag
Hepliaklqana
Kikubaaqudgha
Makhleb
Nemelex Xobeh
Okawaru
Qazlal
Ru
Sif Muna
Trog
Uskayaw
Vehumet
Wu Jian
Xom
Yredelemnul
Zin
The Shining One

Shops:
D:5 }

Annotations:
D:7 Menkaure
D:9 4 runed translucent doors, exclusion: 4 doors


Innate Abilities, Weirdness & Mutations

You have sharp fingernails.
You are completely covered in rugged brown scales. (AC +3, +7% HP)
You regenerate a little health from kills.
Your flesh is cold resistant. (rC+)
You are somewhat resistant to further mutation.
You are weak. (Str -2)


Message History

* * * LOW HITPOINT WARNING * * *
* * * LOW HITPOINT WARNING * * *
You feel sick.
The orange demon disappears in a puff of smoke!
The orc sorcerer hits you but does no damage.
The warg bites you but does no damage. The orc hits you but does no damage.
The orc sorcerer hits you but does no damage.
The warg bites you.
* * * LOW HITPOINT WARNING * * *
* * * LOW HITPOINT WARNING * * *
You feel sick.
The orc sorcerer hits you but does no damage.
The warg bites you but does no damage. The orc hits you with a +0 flail.
* * * LOW HITPOINT WARNING * * *
* * * LOW HITPOINT WARNING * * *
You feel sick.
The warg pauses to sniff the ground.
The orc sorcerer gestures at you while chanting.
The bolt of fire hits you!
You die...

##................
#.................
...#..........o..
#.......#...... #
##.....## #.... #
###o.....#... .##
# ##oh4..........
.# #ohoh#.......#.
..# ##@##4...#..##
.## #####......#
## ##..#.## #...##
##.## ##


You could see an ice devil, 3 wargs, an orc sorcerer and 3 orcs.

Vanquished Creatures
  Harold (D:7)
  3 two-headed ogres
  An unseen horror (D:9)
  A cyclops (D:8)
  2 black mambas (Lair:1)
  A spiny frog (Lair:1)
  A merfolk (D:10)
  2 hippogriffs (Lair:1)
  5 blink frogs (Lair:1)
  Eustachio (D:5)
  12 yaks (D:10)
  A hungry ghost (D:7)
  2 wargs (Orc:1)
  A naga (D:8)
  2 porcupines (Lair:1)
  6 water moccasins (Lair:1)
  Duvessa (D:7)
  A sky beast (D:9)
  2 orc warriors
  2 black bears
  An eye of draining (D:10)
  2 phantoms
  8 ogres
  A centaur (D:9)
  10 bullfrogs
  2 big kobolds
  A gnoll sergeant (D:9)
  8 scorpions
  Dowan (D:7)
  6 killer bees
  4 crimson imps
  A centaur zombie (D:6)
  A quasit (D:9)
  7 hounds
  2 jellies
  2 orc priests
  A centaur skeleton (D:8)
  3 iguanas
  7 orc wizards
  7 hell rats (Lair:1)
  4 worker ants
  A killer bee zombie (D:10)
  A hound skeleton (D:8)
  A worker ant zombie (D:8)
  10 adders
  20 gnolls
  6 river rats (Lair:1)
  A shadow imp (D:10)
  An ooze (D:3)
  An adder zombie (D:5)
  3 adder skeletons
  3 worms
  4 dart slugs
  2 leopard geckos
  13 orcs
  A ball python (D:3)
  5 giant cockroaches
  6 hobgoblins
  15 jackals
  16 kobolds
  3 quokkas
  6 bats
  6 frilled lizards
  7 goblins
  A jackal skeleton (D:9)
  A jackal zombie (D:5)
  A quokka skeleton (D:5)
  8 rats
  A spectral orc (D:8)
271 creatures vanquished.

Vanquished Creatures (others)
  A komodo dragon (D:8)
  A slave (D:8)
  A gnoll (D:8)
  An adder skeleton (D:8)
  An orc (D:8)
  A fungus (Lair:1)
  9 plants
15 creatures vanquished.

Grand Total: 286 creatures vanquished

Notes
Turn   | Place    | Note
-------+----------+-------------------------------------------
     0 | D:1      | Doobh the Demonspawn Transmuter began the quest for the
                  | Orb.
     0 | D:1      | Reached XP level 1. HP: 15/15 MP: 3/3
   471 | D:1      | Gained mutation: You regenerate a little health from kills.
                  | [demonic ancestry]
   471 | D:1      | Reached XP level 2. HP: 21/21 MP: 3/5
  1125 | D:2      | Reached skill level 3 in Unarmed Combat
  1125 | D:2      | Gained mutation: You have sharp fingernails. [demonic
                  | ancestry]
  1125 | D:2      | Reached XP level 3. HP: 5/26 MP: 4/6
  1360 | D:2      | Found a faded altar of an unknown god.
  2167 | D:3      | Gained mutation: You are partially covered in rugged brown
                  | scales. (AC +1, +3% HP) [demonic ancestry]
  2167 | D:3      | Reached XP level 4. HP: 27/33 MP: 5/7
  2614 | D:3      | Gained mutation: You are mostly covered in rugged brown
                  | scales. (AC +2, +5% HP) [demonic ancestry]
  2614 | D:3      | Reached XP level 5. HP: 33/39 MP: 7/9
  3459 | D:4      | Found a staircase to the Ecumenical Temple.
  3477 | Temple   | Entered the Ecumenical Temple
  3912 | D:4      | Noticed a phantom
  3947 | D:4      | Killed a phantom
  3947 | D:4      | Reached XP level 6. HP: 24/48 MP: 10/10
  4511 | D:5      | Entered Level 5 of the Dungeon
  4563 | D:5      | Reached skill level 4 in Unarmed Combat
  4624 | D:5      | Gained mutation: You are completely covered in rugged brown
                  | scales. (AC +3, +7% HP) [demonic ancestry]
  4624 | D:5      | Reached XP level 7. HP: 42/55 MP: 12/12
  4694 | D:5      | Found the ring of Robustness {AC+8}
  5034 | D:5      | Learned a level 2 spell: Sticks to Snakes
  5078 | D:5      | Found Woruq's Gadget Boutique.
  5551 | D:6      | Reached skill level 1 in Evocations
  5554 | D:6      | Noticed Eustachio
  5761 | D:5      | Killed Eustachio
  5761 | D:5      | Reached XP level 8. HP: 62/64 MP: 14/14
  5786 | D:6      | Reached skill level 5 in Unarmed Combat
  6671 | D:7      | Got a transparent robe
  6682 | D:7      | Identified the +1 robe "Gekicipt" {-Tele rPois Regen+} (You
                  | found it on level 7 of the Dungeon)
  6742 | D:7      | Noticed Dowan
  6742 | D:7      | Noticed Duvessa
  6764 | D:7      | Killed Dowan
  6815 | D:7      | Noticed Harold
  6823 | D:7      | Killed Duvessa
  6823 | D:7      | Reached skill level 6 in Unarmed Combat
  6854 | D:7      | Killed Harold
  6854 | D:7      | Reached skill level 5 in Fighting
  6854 | D:7      | Reached skill level 5 in Dodging
  6854 | D:7      | Reached skill level 5 in Transmutations
  6854 | D:7      | Reached XP level 9. HP: 44/72 MP: 13/15
  7017 | D:7      | Noticed Menkaure
  7223 | D:8      | Noticed a cyclops
  7490 | D:7      | Reached skill level 7 in Unarmed Combat
  7742 | D:8      | Found a staircase to the Lair.
  7912 | D:8      | Noticed Maurice
  7925 | D:8      | Noticed Pikel
  7939 | D:8      | Noticed Maurice
  7939 | D:8      | Maurice changed into Maurice the bullfrog
  7948 | D:8      | Killed Maurice the bullfrog
  7949 | D:8      | Noticed Pikel
  7949 | D:8      | Pikel changed into Pikel the meliai
  7976 | D:8      | Noticed Pikel
  7976 | D:8      | Pikel the meliai changed into Pikel the naga
  7997 | D:8      | Killed Pikel the naga
  8322 | D:8      | Noticed a two-headed ogre
  8333 | D:8      | Killed a two-headed ogre
  8355 | D:8      | Found a basalt altar of Yredelemnul.
  8416 | D:8      | Noticed a komodo dragon
  8422 | D:8      | Reached XP level 10. HP: 63/81 MP: 11/16
  8512 | D:8      | Killed a cyclops
  8512 | D:8      | Reached skill level 8 in Unarmed Combat
  9092 | D:9      | Reached skill level 5 in Evocations
  9262 | D:9      | Found a large runed translucent door.
  9262 | D:9      | Found a large runed translucent door.
  9266 | D:9      | Found a large runed translucent door.
  9266 | D:9      | Found a large runed translucent door.
  9267 | D:9      | Noticed a death knight
  9305 | D:9      | Noticed a two-headed ogre
  9342 | D:9      | Killed a two-headed ogre
 10133 | D:9      | Killed an unseen horror
 10490 | D:10     | Entered Level 10 of the Dungeon
 10504 | D:10     | Noticed a two-headed ogre
 10521 | D:10     | Killed a two-headed ogre
 10521 | D:10     | Reached skill level 9 in Unarmed Combat
 10722 | D:10     | Reached XP level 11. HP: 86/89 MP: 17/17
 10759 | D:10     | Reached skill level 1 in Armour
 10826 | D:10     | Found a staircase to the Orcish Mines.
 11730 | Lair:1   | Entered Level 1 of the Lair of Beasts
 13375 | Lair:1   | Reached skill level 1 in Shields
 14127 | Lair:1   | Noticed a five-headed hydra
 14500 | Orc:1    | Entered Level 1 of the Orcish Mines
 14502 | Orc:1    | Identified a scroll of acquirement
 14571 | Orc:1    | Noticed an orc sorcerer
 14584 | Orc:1    | Paralysed by an orc sorcerer for 7 turns
 14593 | Orc:1    | Noticed a sixfirhy
 14597 | Orc:1    | Paralysed by an orc sorcerer for 5 turns
 14610 | Orc:1    | Gained mutation: Your body sometimes deteriorates upon
                  | taking damage. [potion of mutation]
 14610 | Orc:1    | Gained mutation: You are weak. (Str -2) [potion of
                  | mutation]
 14610 | Orc:1    | Gained mutation: You have an increased reservoir of magic.
                  | (+10% MP) [potion of mutation]
 14611 | Orc:1    | Lost mutation: Your body sometimes deteriorates upon taking
                  | damage. [potion of mutation]
 14611 | Orc:1    | Lost mutation: You have an increased reservoir of magic.
                  | (+10% MP) [potion of mutation]
 14611 | Orc:1    | Gained mutation: Your flesh is cold resistant. (rC+)
                  | [potion of mutation]
 14611 | Orc:1    | Gained mutation: You are somewhat resistant to further
                  | mutation. [potion of mutation]
 14616 | Orc:1    | Paralysed by an orc sorcerer for 2 turns
 14622 | Orc:1    | Paralysed by an orc sorcerer for 5 turns
 14625 | Orc:1    | HP: 5/135 [poisoned by an orange demon]
 14626 | Orc:1    | Killed from afar by an orc sorcerer

Levels and vault maps discovered:
D:1:      elethiomel_arrival_shortcut, layout_loops_ring, hex_medium,
          minmay_tree_intersection
D:2:      layout_loops_cross, chequers_ecumenical_altar_twisty
D:3:      layout_loops_cross, minmay_joined_circles
D:4:      layout_basic, minmay_temple_entry_tees, first_ration
D:5:      layout_gridville, serial_shops, shop_statue
D:6:      layout_gridville, uniq_eustachio
D:7:      layout_basic, uniq_harold, uniq_menkaure, uniq_duvessa
D:8:      layout_loops_ring, yredelemnul_forgotten_temple_becter,
          david_lair_shrubbed, minmay_sticks_and_stones, uniq_maurice,
          uniq_pikel
D:9:      layout_roguey, minmay_hollow_rounded_squares
D:10:     layout_loops_ring, orc_0_dummy, serial_glass, glass_columns_a,
          glass_columns_c, hangedman_fish_farm, kennysheep_generic_room_16
Temple:   nicolae_temple_the_god_donut
Lair:1:   layout_cave_pods, kennysheep_abandoned_house
Orc:1:    layout_caves, portal_ice_cave_entry_pillars_1, guppyfry_orc_lava_fort

Skill      XL: |  1  2  3  4  5  6  7  8  9 10 11 |
---------------+----------------------------------+-----
Dodging        | 2 3 4 5 6 7 |  7.1
Transmutations | 2 3 4 5 6 7 |  7.8
Unarmed Combat | 3 4 6 7 9 |  9.5
Fighting       | 2 3 5 7 |  7.7
Spellcasting   | 3 4 |  4.0
Evocations     | 1 3 4 5 7 |  7.3
Armour         | 3 |  3.6
Shields        | 1 |  1.6

Action                   |  1- 3 |  4- 6 |  7- 9 | 10-12 || total
-------------------------+-------+-------+-------+-------++-------
Melee: Unarmed           |   122 |   214 |   403 |   631 ||  1370
       Headbutt          |    12 |    16 |    32 |     2 ||    62
       Kick              |     3 |    10 |    41 |    87 ||   141
       Punch             |       |     2 |     7 |       ||     9
Throw: Dart              |       |     9 |       |    61 ||    70
 Cast: Beastly Appendage |    29 |    34 |    32 |    25 ||   120
       Sticks to Snakes  |       |       |     7 |       ||     7
Evoke: Wand              |       |       |    20 |    21 ||    41
  Use: Potion            |     1 |     1 |    11 |     9 ||    22
       Scroll            |       |     6 |    11 |     4 ||    21
 Stab: Sleeping          |     1 |     1 |       |       ||     2
       Paralysed         |       |       |     2 |     1 ||     3
  Eat: Chunk             |     3 |     6 |    21 |    21 ||    51
       Ration            |     1 |     1 |       |       ||     2
Armor: Robe              |    25 |    23 |       |       ||    48
       Ring mail         |       |    31 |   200 |   279 ||   510
Dodge: Dodged            |    73 |   120 |   313 |   356 ||   862
Block: Buckler           |       |       |    18 |    93 ||   111
